 Dungeon Sprint DCSS version 0.30-a0-737-gf23d94013f (webtiles) character file.

Game seed: 2157196322994273480

128430 BigDaddyOpFi the End of an Era (level 16, 0/172 (174) HPs)
             Began as a Hill Orc Fighter on Feb 1, 2023.
             Was the Champion of Qazlal.
             Slain by a profane servitor
             ... wielding a +2 whip of venom
              (10 damage)
             ... in the Dungeon (Sprint VII: "The Pits").
             The game lasted 00:16:42 (6700 turns).

BigDaddyOpFi the End of an Era (Hill Orc Fighter)   Turns: 6700, Time: 00:16:43

HP:   0/172 (174)   AC: 35    Str: 27    XL:     16   Next: 68%
MP:   22/33         EV: 19    Int: 10    God:    Qazlal [******]
Gold: 99            SH: 38    Dex: 14    Spells: 15/15 levels left

rFire   + . .      SeeInvis +    q - +6 war axe (vamp)
rCold   . . .      Faith    .    j - +3 tower shield
rNeg    . . .      Spirit   .    H - +5 plate armour
rPois   .          Reflect  +    J - +0 mask of the Dragon {Will+ Slay+3 SInv}
rElec   +          Harm     .    F - +1 cloak
rCorr   .          Rampage  .    I - +1 pair of gloves
Will    ++...      NoTele   +    w - +2 pair of boots {Fly} Stlth
                                 b - amulet of Higaw {Reflect Int+2 SH+5 Stlth+}
HPRegen 0.48/turn                x - ring of the Countless Realms {rElec rF+ EV+6}
MPRegen 0.23/turn                o - ring "Jonegh" {Dex+4 Slay+5}

@: lethally poisoned (0 -> -46), flying, wreathed by umbra, studying Unarmed
Combat, lightly drained, repel missiles
A: no striking features
}: 1/3 runes: silver
a: Renounce Religion, Upheaval, Elemental Force, Disaster Area


You were in the Dungeon.
You worshipped Qazlal.
Qazlal was exalted by your worship.
You visited 1 branch You collected 99 gold pieces.

Inventory:

Hand Weapons
 p - the +7 great mace "Firestarter" {flame, inner flame, rFlCloud rF++}
   (You took it off a frost giant in the Dungeon)

   rFlCloud:  It grants immunity to clouds of flame.
   rF:        It greatly protects you from fire.
 q - a +6 vampiric war axe (weapon)
Armour
 j - a +3 tower shield (worn)
 w - a +2 pair of boots of flying (worn)
 F - a +1 cloak (worn)
 H - a +5 plate armour (worn)
 I - a +1 pair of gloves (worn)
 J - the +0 mask of the Dragon (worn) {Will+ Slay+3 SInv}
   (You found it in the Dungeon)

   Slay:      It affects your accuracy & damage with ranged weapons and melee
   (+3).
   SInv:      It lets you see invisible.
   Will:      It increases your willpower.
Jewellery
 b - the amulet of Higaw (around neck) {Reflect Int+2 SH+5 Stlth+}
   (You found it in the Dungeon)

   [amulet of reflection]

   It reflects blocked missile attacks.
   Int:       It affects your intelligence (+2).
   SH:        It affects your SH (+5).
   Stlth:     It makes you more stealthy.
 c - the ring "Itoila" {Fly Str+5 Stlth+}
   (You took it off a merfolk in the Dungeon)

   [ring of flight]

   Str:       It affects your strength (+5).
   Fly:       It grants you flight.
   Stlth:     It makes you more stealthy.
 m - the ring "Kiwoc" {rPois rCorr Str+3 Int+6}
   (You found it in the Dungeon)

   [ring of intelligence]

   Str:       It affects your strength (+3).
   Int:       It affects your intelligence (+6).
   rPois:     It protects you from poison.
   rCorr:     It protects you from acid and corrosion.
 o - the ring "Jonegh" (right hand) {Dex+4 Slay+5}
   (You found it in the Dungeon)

   [ring of slaying]

   Dex:       It affects your dexterity (+4).
   Slay:      It affects your accuracy & damage with ranged weapons and melee
   (+5).
 s - the ring of the Ego {rPois Dex+6}
   (You found it in the Dungeon)

   [ring of poison resistance]

   Dex:       It affects your dexterity (+6).
   rPois:     It protects you from poison.
 x - the ring of the Countless Realms (left hand) {rElec rF+ EV+6}
   (You found it in the Dungeon)

   [ring of evasion]

   EV:        It affects your evasion (+6).
   rF:        It protects you from fire.
   rElec:     It insulates you from electricity.
 G - an amulet of regeneration
 K - a +6 ring of evasion
 M - a +3 ring of slaying
 O - the ring "Babrout" {rF++ rC+ Slay+3 SInv Stlth+}
   (You found it in the Dungeon)

   [ring of see invisible]

   Slay:      It affects your accuracy & damage with ranged weapons and melee
   (+3).
   rF:        It greatly protects you from fire.
   rC:        It protects you from cold.
   SInv:      It lets you see invisible.
   Stlth:     It makes you more stealthy.
Wands
 a - a wand of flame (28)
 v - a wand of paralysis (4) (quivered)
 S - a wand of iceblast (2)
Scrolls
 r - a scroll of brand weapon
 t - 2 scrolls of fog
 u - 8 scrolls of fear
 N - a scroll of poison
 Q - 2 scrolls of identify
 R - 4 scrolls of blinking
Potions
 d - 2 potions of might
 e - 10 potions of curing
 f - 12 potions of heal wounds
 g - 17 potions of haste
 h - 9 potions of magic
 i - 8 potions of berserk rage
 k - 2 potions of invisibility
 l - 5 potions of mutation
 n - 5 potions of brilliance
Miscellaneous
 y - a lightning rod (4/4)
 A - a box of beasts
 B - a phantom mirror
 C - a phantom mirror
 D - a piece from Xom's chessboard (15/15)


   Skills:
 + Level 24.1 Fighting
 + Level 25.9 Axes
 + Level 22.4 Armour
 + Level 13.6 Dodging
 + Level 22.3 Shields
 O Level 27 Invocations
 + Level 16.0 Evocations


You had 15 spell levels left.
You didn't know any spells.
Your spell library contained the following spells:

 Spells                   Type           Power      Damage    Failure   Level
 Apportation              Tloc           0%         N/A       94%         1
 Kiss of Death            Conj/Necr      0%         2d5       94%         1
 Necrotise                Necr           0%         1d4       94%         1
 Summon Small Mammal      Summ           0%         N/A       94%         1
 Static Discharge         Conj/Air       0%         2-2/arc   98%         2
 Dazzling Flash           Conj/Hex       0%         N/A       100%        3
 Mephitic Cloud           Conj/Pois/Air  0%         N/A       100%        3
 Vampiric Draining        Necr           0%         2d6       100%        3
 Vhi's Electric Charge    Tloc/Air       0%         N/A       100%        3
 Olgreb's Toxic Radiance  Pois           0%         N/A       100%        4
 Passage of Golubria      Tloc           0%         N/A       100%        4
 Sticky Flame             Conj/Fire      0%         2d3       100%        4
 Summon Lightning Spire   Summ/Air       0%         N/A       100%        4
 Agony                    Necr           0%         N/A       100%        5
 Alistair's Intoxication  Tmut/Pois      0%         N/A       100%        5
 Arcjolt                  Conj/Air       0%         1d10      100%        5
 Borgnjor's Vile Clutch   Necr/Erth      0%         N/A       100%        5
 Freezing Cloud           Conj/Ice/Air   0%         6-21      100%        5
 Lightning Bolt           Conj/Air       0%         1d11      100%        5
 Silence                  Hex/Air        0%         N/A       100%        5
 Yara's Violent Unravell  Hex/Tmut       0%         3d3       100%        5
 Dispersal                Tloc           0%         N/A       100%        6
 Eringya's Noxious Bog    Tmut/Pois      0%         N/A       100%        6
 Storm Form               Tmut/Air       0%         N/A       100%        7
 Maxwell's Capacitive Co  Air            0%         ∞         100%        8


Dungeon Overview and Level Annotations

Branches:
Dungeon (1/1)

Altars:
Ashenzari
Cheibriados
Dithmenos
Elyvilon
Fedhas
Gozag
Hepliaklqana
Kikubaaqudgha
Makhleb
Nemelex Xobeh
Okawaru
Qazlal
Ru
Sif Muna
Trog
Uskayaw
Vehumet
Wu Jian
Xom
Yredelemnul
Zin
The Shining One
Beogh
Jiyva
Lugonu


Message History

You completely miss the profane servitor.
The profane servitor is almost destroyed.
You slash the soul eater!
You feel extremely sick.
The profane servitor hits you with a +2 whip of venom!!
The profane servitor draws strength from your injuries!
The profane servitor hits you but does no damage.
You are more poisoned.
The soul eater hits you but does no damage.
The profane servitor attacks as you move away!
The profane servitor barely misses you.
The profane servitor hits you but does no damage.
You feel extremely sick.
The profane servitor hits you but does no damage.
You are more poisoned.
The profane servitor hits you but does no damage.
The curse toe calls on the powers of darkness!
Your body is wracked with pain!
* * * LOW HITPOINT WARNING * * *
You feel less protected from fire.
* * * LOW HITPOINT WARNING * * *
You feel extremely sick.
The profane servitor hits you but does no damage.
You are more poisoned.
The profane servitor hits you but does no damage.
You are more poisoned.
The curse toe calls on the powers of darkness!
Your body is wracked with pain!
* * * LOW HITPOINT WARNING * * *
You feel much better.
You feel less confused.
* * * LOW HITPOINT WARNING * * *
You feel extremely sick.
You block the profane servitor's attack. x2
You block the soul eater's attack.
The curse toe calls on the powers of darkness!
Your body is wracked with pain!
* * * LOW HITPOINT WARNING * * *
The profane servitor hits you with a +2 whip of venom!
You die...

..# **++********* *** *** **
(.######++#####******************
..##..........#*,,*,,*,.≈,,,,,,,,
))##..........#*,,*,,*...,,,,,,,,
..''..#....#..##++#++#..#********
).)'..........##....≈≈≈≈#,,,,,,,,
####..........##☼...≈[.≈#,,,,,,,,
####..#....#..##..#†≈#.≈#,,,,,,,,
..''[.........##@3......#,,,,,,,,
..'').........##.A.z....#,,,,,,,,
..##..#....#..##○°#''#..#********
..##.......≈..'°..#,.#,,,,,,,,,,,
..##..[...≈≈..''..#,,#,,,,,,,,,,,
..####''####''#####**************
..####''####''###################
..##......##≈....................
..##.#)##.##.....................


You could see a profane servitor, a curse toe and a soul eater.

Vanquished Creatures
  A bone dragon (D)
  3 liches (D)
  A titan (D)
  3 sphinxes (D)
  2 death cobs (D)
  A shadow dragon (D)
  A nagaraja (D)
  A draconian knight (D)
  A daeva (D)
  3 frost giants (D)
  A ghost moth (D)
  3 balrugs (D)
  2 orc warlords (D)
  A draconian scorcher (D)
  2 deep elf sorcerers (D)
  3 ghouls (D)
  3 war gargoyles (D)
  3 green draconians (D)
  2 black draconians (D)
  A deep elf demonologist (D)
  A stone giant (D)
  3 deep elf annihilators (D)
  An apis (D)
  2 red draconians (D)
  2 white draconians (D)
  9 vampire knights (D)
  A dire elephant (D)
  2 purple draconians (D)
  A yellow draconian (D)
  A minotaur (D)
  An eidolon (D)
  A fire dragon (D)
  A blizzard demon (D)
  3 deep elf death magi (D)
  2 green deaths (D)
  3 deep elf high priests (D)
  A merfolk javelineer (D)
  5 vault guards (D)
  An ice dragon (D)
  A spriggan air mage (D)
  A catoblepas (D)
  An anaconda (D)
  A merfolk aquamancer (D)
  A merfolk avatar (D)
  A death knight (D)
  2 naga warriors (D)
  A dancing weapon (D)
  A deep troll shaman (D)
  3 hell hogs (D)
  3 death yaks (D)
  3 vampire magi (D)
  2 deep elf knights (D)
  A sun demon (D)
  2 soul eaters (D)
  A shadow wraith (D)
  8 skeletal warriors (D)
  A spriggan druid (D)
  A sixfirhy (D)
  6 flayed ghosts (D)
  4 deep trolls (D)
  2 iron trolls (D)
  A bog body (D)
  2 wizards (D)
  3 harpies (D)
  10 orc knights (D)
  2 deep elf zephyrmancers (D)
  A deep elf pyromancer (D)
  A manticore (D)
  2 cyclopes (D)
  An ugly thing (D)
  A wolf spider (D)
  A moth of wrath (D)
  2 slime creatures (D)
  A guardian serpent (D)
  A gargoyle (D)
  Joseph (D)
  A demonic crawler (D)
  A naga mage (D)
  An unseen horror (D)
  3 yaktaurs (D)
  A large abomination (D)
  A komodo dragon (D)
  2 freezing wraiths (D)
  A rime drake (D)
  3 efreet (D)
  An ice devil (D)
  5 hornets (D)
  2 merfolk (D)
  2 hellwings (D)
  A troll (D)
  A tyrant leech (D)
  11 dream sheep (D)
  A culicivora (shapeshifter) (D)
  3 wraiths (D)
  5 vampires (D)
  A ynoxinul (D)
  3 water elementals (D)
  A wyvern (D)
  4 spriggans (D)
  Sigmund (D)
  2 basilisks (D)
  A neqoxec (D)
  A steam dragon (D)
  11 redbacks (D)
  A chaos spawn (D)
  3 hell hounds (D)
  3 floating eyes (D)
  2 sky beasts (D)
  A black bear (D)
  A swamp drake (D)
  A kobold brigand (D)
  2 phantoms (D)
  A bullfrog (D)
  4 killer bees (D)
  A hound (D)
  3 orc priests (D)
  2 gnoll boudas (D)
  An iguana (D)
  An orc wizard (D)
  6 gnolls (D)
  A river rat (D)
  An adder (D)
  A white imp (D)
  An ufetubus (D)
  5 adder skeletons (D)
  4 adder zombies (D)
  2 adder simulacra (D)
  A ball python (D)
  A bat skeleton (D)
  A bat zombie (D)
  A giant cockroach (D)
  2 goblins (D)
  3 jackals (D)
  A kobold (D)
  A ball python simulacrum (D)
  4 ball python skeletons (D)
  A ball python zombie (D)
  A bat (D)
  A bat simulacrum (D)
  A giant cockroach simulacrum (D)
  2 giant cockroach zombies (D)
  A quokka simulacrum (D)
  A quokka skeleton (D)
  A rat (D)
299 creatures vanquished.

Vanquished Creatures (others)
  A gnoll (D)
1 creature vanquished.

Grand Total: 300 creatures vanquished

Notes
Turn   | Place    | Note
-------+----------+-------------------------------------------
     0 | D        | BigDaddyOpFi the Hill Orc Fighter began the quest for the
                  | Orb.
     0 | D        | Reached XP level 1. HP: 19/19 MP: 1/1
    14 | D        | Reached XP level 2. HP: 26/28 MP: 2/2
    19 | D        | Found a bloodstained altar of Trog.
    19 | D        | Found a shimmering blue altar of Sif Muna.
    19 | D        | Found a viscous altar of Jiyva.
    19 | D        | Found a hazy altar of Hepliaklqana.
    19 | D        | Found an opulent altar of Gozag.
    20 | D        | Found a glowing golden altar of the Shining One.
    20 | D        | Found a glowing silver altar of Zin.
    20 | D        | Found a basalt altar of Yredelemnul.
    20 | D        | Found a shimmering altar of Xom.
    20 | D        | Found an ornate altar of the Wu Jian Council.
    20 | D        | Found a sacrificial altar of Ru.
    20 | D        | Found a stormy altar of Qazlal.
    20 | D        | Found an iron altar of Okawaru.
    20 | D        | Found a sparkling altar of Nemelex Xobeh.
    20 | D        | Found a burning altar of Makhleb.
    20 | D        | Found a blossoming altar of Fedhas.
    20 | D        | Found a white marble altar of Elyvilon.
    20 | D        | Found a shadowy altar of Dithmenos.
    20 | D        | Found a snail-covered altar of Cheibriados.
    21 | D        | Found a radiant altar of Vehumet.
    21 | D        | Found a corrupted altar of Lugonu.
    21 | D        | Found a roughly hewn altar of Beogh.
    22 | D        | Found an ancient bone altar of Kikubaaqudgha.
    22 | D        | Found a hide-covered altar of Uskayaw.
    22 | D        | Found a broken altar of Ashenzari.
    25 | D        | Became a worshipper of Qazlal Stormbringer
    47 | D        | Noticed a floating eye
    49 | D        | Killed a floating eye
    50 | D        | Reached XP level 3. HP: 38/38 MP: 3/3
    50 | D        | Reached XP level 4. HP: 45/45 MP: 4/4
    53 | D        | Reached skill level 1 in Invocations
    53 | D        | Reached XP level 5. HP: 46/51 MP: 5/5
   179 | D        | Reached * piety under Qazlal
   193 | D        | Reached ** piety under Qazlal
   196 | D        | Reached skill level 2 in Invocations
   275 | D        | Noticed a black bear
   275 | D        | Noticed Sigmund
   280 | D        | Reached *** piety under Qazlal
   282 | D        | Noticed a phantom
   285 | D        | Reached skill level 3 in Invocations
   288 | D        | Killed a black bear
   289 | D        | Reached skill level 6 in Invocations
   289 | D        | Reached XP level 6. HP: 61/61 MP: 6/10
   291 | D        | Killed Sigmund
   291 | D        | Reached **** piety under Qazlal
   292 | D        | Reached skill level 8 in Invocations
   303 | D        | Reached XP level 7. HP: 69/69 MP: 8/13
   342 | D        | Reached skill level 9 in Invocations
   518 | D        | Reached ***** piety under Qazlal
   522 | D        | Reached skill level 10 in Invocations
   662 | D        | Reached skill level 10 in Axes
   662 | D        | Reached skill level 11 in Invocations
   662 | D        | Reached XP level 8. HP: 79/79 MP: 6/16
   948 | D        | Noticed a tyrant leech
   948 | D        | Noticed a deep troll
   949 | D        | Killed a tyrant leech
   950 | D        | Reached skill level 10 in Fighting
   953 | D        | Killed a deep troll
   954 | D        | Reached skill level 13 in Invocations
   954 | D        | Reached XP level 9. HP: 86/86 MP: 8/18
  1127 | D        | Noticed a deep elf zephyrmancer
  1128 | D        | Noticed a hornet
  1128 | D        | Noticed a manticore
  1128 | D        | Noticed a death yak
  1130 | D        | Killed a deep elf zephyrmancer
  1130 | D        | Killed a hornet
  1131 | D        | Reached skill level 10 in Armour
  1131 | D        | Reached skill level 10 in Shields
  1131 | D        | Reached skill level 14 in Invocations
  1132 | D        | Noticed a demonic crawler
  1133 | D        | Noticed a deep elf pyromancer
  1135 | D        | Killed a manticore
  1136 | D        | Noticed a death yak
  1140 | D        | Killed a death yak
  1141 | D        | Reached skill level 15 in Invocations
  1141 | D        | Reached XP level 10. HP: 79/97 MP: 11/21
  1146 | D        | Killed a deep elf pyromancer
  1151 | D        | Killed a death yak
  1152 | D        | Reached skill level 16 in Invocations
  1158 | D        | Killed a demonic crawler
  1452 | D        | Reached ****** piety under Qazlal
  1456 | D        | Reached skill level 17 in Invocations
  1484 | D        | Killed an unseen horror
  1701 | D        | Noticed a gargoyle
  1709 | D        | Killed a gargoyle
  1926 | D        | Paralysed by a floating eye for 3 turns
  1930 | D        | Reached skill level 15 in Axes
  1930 | D        | Reached skill level 19 in Invocations
  1930 | D        | Reached XP level 11. HP: 76/110 MP: 14/24
  2189 | D        | Noticed Joseph
  2189 | D        | Noticed an anaconda
  2192 | D        | Paralysed by Joseph for 3 turns
  2199 | D        | Paralysed by Joseph for 3 turns
  2205 | D        | Killed an anaconda
  2211 | D        | Killed Joseph
  2505 | D        | Reached skill level 20 in Invocations
  2525 | D        | Noticed a white ugly thing
  2535 | D        | Killed a white ugly thing
  2536 | D        | Reached skill level 15 in Fighting
  2651 | D        | Noticed an eidolon
  2680 | D        | Killed an eidolon
  3042 | D        | Noticed a harpy
  3043 | D        | Noticed a harpy
  3054 | D        | Noticed a harpy
  3057 | D        | Killed a harpy
  3058 | D        | Reached XP level 12. HP: 91/121 MP: 26/26
  3065 | D        | Reached skill level 21 in Invocations
  3181 | D        | Noticed a death yak
  3184 | D        | Noticed a nagaraja
  3191 | D        | Killed a death yak
  3200 | D        | Killed a nagaraja
  3360 | D        | Noticed a death cob
  3360 | D        | Noticed a deep elf annihilator
  3360 | D        | Noticed an ice dragon
  3360 | D        | Noticed a death knight
  3362 | D        | Noticed a minotaur
  3363 | D        | Killed a death knight
  3363 | D        | Killed a minotaur
  3364 | D        | Reached skill level 22 in Invocations
  3366 | D        | Killed a deep elf annihilator
  3366 | D        | Killed an ice dragon
  3367 | D        | Reached skill level 15 in Armour
  3367 | D        | Reached skill level 15 in Shields
  3380 | D        | Killed a death cob
  3633 | D        | Noticed an orc warlord
  3633 | D        | Noticed an orc warlord
  3638 | D        | Killed an orc warlord
  3638 | D        | Killed an orc warlord
  3639 | D        | Reached skill level 23 in Invocations
  3639 | D        | Reached XP level 13. HP: 116/132 MP: 19/28
  3646 | D        | Noticed a vault guard
  3653 | D        | Reached skill level 5 in Evocations
  3654 | D        | Noticed a balrug
  3658 | D        | Noticed a vault guard
  3659 | D        | Killed a vault guard
  3660 | D        | Killed a balrug
  3660 | D        | Killed a vault guard
  3661 | D        | Noticed a vault guard
  3668 | D        | Killed a vault guard
  3696 | D        | Reached skill level 5 in Dodging
  3701 | D        | Reached skill level 24 in Invocations
  3703 | D        | Noticed a vault guard
  3706 | D        | Noticed a shadow dragon
  3711 | D        | Killed a vault guard
  3731 | D        | Killed a shadow dragon
  3883 | D        | Got the +7 dagger "Mauklierox" {flame, Fragile rN++ Str+4}
  3984 | D        | Found the +0 mask of the Dragon {Will+ Slay+3 SInv}
  4151 | D        | Noticed a death cob
  4159 | D        | Noticed a frost giant
  4164 | D        | Killed a death cob
  4185 | D        | Noticed a deep elf high priest
  4186 | D        | Killed a frost giant
  4190 | D        | Killed a deep elf high priest
  4191 | D        | Reached XP level 14. HP: 124/144 MP: 28/30
  4204 | D        | Identified the ring "Itoila" {Fly Str+5 Stlth+}
  4232 | D        | Noticed a ghost moth
  4240 | D        | Killed a ghost moth
  4241 | D        | Noticed a dire elephant
  4251 | D        | Killed a dire elephant
  4252 | D        | Reached skill level 25 in Invocations
  4743 | D        | Noticed a war gargoyle
  4743 | D        | Noticed a green draconian
  4745 | D        | Killed a war gargoyle
  4745 | D        | Killed a green draconian
  4754 | D        | Noticed a black draconian
  4766 | D        | Noticed a white draconian
  4768 | D        | Killed a black draconian
  4770 | D        | Noticed a yellow draconian
  4779 | D        | Killed a white draconian
  4786 | D        | Killed a yellow draconian
  5110 | D        | Noticed a sphinx
  5121 | D        | Killed a sphinx
  5122 | D        | Reached skill level 10 in Evocations
  5268 | D        | Noticed a vampire knight
  5274 | D        | Killed a vampire knight
  5277 | D        | Noticed a war gargoyle
  5277 | D        | Noticed a balrug
  5287 | D        | Noticed a deep elf annihilator
  5292 | D        | Noticed an apis
  5303 | D        | Killed a war gargoyle
  5303 | D        | Killed a balrug
  5304 | D        | Reached skill level 26 in Invocations
  5304 | D        | Reached XP level 15. HP: 83/156 MP: 20/32
  5615 | D        | Noticed a frost giant
  5616 | D        | Reached skill level 10 in Dodging
  5618 | D        | Noticed a frost giant
  5620 | D        | Killed a frost giant
  5622 | D        | Killed a frost giant
  5852 | D        | Noticed a ghoul
  5852 | D        | Noticed a ghoul
  5852 | D        | Noticed a lich
  5852 | D        | Noticed a ghoul
  5853 | D        | Noticed a bone dragon
  5853 | D        | Killed a lich
  5854 | D        | Reached skill level 27 in Invocations
  5855 | D        | Killed a bone dragon
  5855 | D        | Killed a ghoul
  5855 | D        | Killed a ghoul
  5855 | D        | Killed a ghoul
  5856 | D        | Reached XP level 16. HP: 170/170 MP: 16/33
  5993 | D        | Got the Lectures on the Alluring Missiles
  6023 | D        | Got the ring "Babrout" {rF++ rC+ Slay+3 SInv Stlth+}
  6051 | D        | Got a silver rune of Zot
  6206 | D        | Noticed a sphinx
  6208 | D        | Noticed a lich
  6210 | D        | Killed a lich
  6214 | D        | Killed a sphinx
  6223 | D        | Reached skill level 15 in Evocations
  6236 | D        | Noticed a titan
  6243 | D        | Noticed a lich
  6246 | D        | Killed a titan
  6263 | D        | Killed a lich
  6519 | D        | Got the Vellum of Nocuous Wanderlust
  6523 | D        | Got the Treatise on Allied Impulse
  6560 | D        | Got the amulet of Higaw {Reflect Int+2 SH+5 Stlth+}
  6573 | D        | Got the ring "Kiwoc" {rPois rCorr Str+3 Int+6}
  6575 | D        | Got the ring "Jonegh" {Dex+4 Slay+5}
  6579 | D        | Got the ring of the Ego {rPois Dex+6}
  6581 | D        | Got the ring of the Countless Realms {rElec rF+ EV+6}
  6671 | D        | Paralysed by a floating eye for 3 turns
  6684 | D        | Noticed a profane servitor
  6685 | D        | Noticed a daeva
  6686 | D        | Noticed a curse toe
  6690 | D        | Noticed a sphinx
  6692 | D        | Killed a daeva
  6695 | D        | Killed a sphinx
  6700 | D        | Slain by a profane servitor

Illustrated notes

Levels and vault maps discovered:
D:        pitsprint [storerooms_1, entrance_room_1, metal_vault_1, armoury_2,
          mini_pit_1, grid_room_1, main_hall_1, silver_pit, the_coven_2,
          the_vestibule_1, steel_vault_5, golden_pit, hallway_of_sentries,
          crystal_vault_1, iron_vault_4, final_vault]

Skill      XL: |  1  2  3  4  5  6  7  8  9 10 11 12 13 14 15 16 |
---------------+-------------------------------------------------+-----
Fighting       | 4 6 7 8 9 10 12 14 15 17 18 20 22 24 | 24.1
Axes           | 3 6 7 9 10 11 12 15 16 18 19 21 24 25 | 25.9
Armour         | 4 6 7 8 9 11 13 14 15 17 18 21 22 | 22.4
Shields        | 4 6 7 8 9 11 13 14 15 17 18 21 22 | 22.3
Invocations    | 1 6 8 11 13 15 19 20 23 24 26 27 | 27.0
Dodging        | 3 6 9 12 13 | 13.6
Evocations     | 4 7 11 14 16 | 16.0

Action                     |  1- 3 |  4- 6 |  7- 9 | 10-12 | 13-15 | 16-18 || total
---------------------------+-------+-------+-------+-------+-------+-------++-------
  Melee: War axe           |     7 |    35 |    38 |   167 |   261 |    49 ||   557
 Invoke: Disaster Area     |       |       |     3 |     7 |    12 |     5 ||    27
         Upheaval          |       |       |       |       |     1 |       ||     1
    Use: Potion            |       |     1 |       |     6 |     2 |     1 ||    10
         Scroll            |       |       |       |     9 |     1 |     1 ||    11
   Stab: Petrified         |       |       |       |       |     5 |       ||     5
 Armour: Scale mail        |     3 |    20 |     9 |       |       |       ||    32
         Chain mail        |       |       |     5 |   156 |    14 |       ||   175
         Plate armour      |       |       |       |       |    58 |    22 ||    80
  Dodge: Dodged            |     2 |    15 |    11 |    58 |    39 |     9 ||   134
         Repelled          |       |       |     1 |       |     1 |     1 ||     3
  Block: Buckler           |       |    13 |    21 |   170 |    25 |       ||   229
         Tower shield      |       |       |       |       |   235 |    47 ||   282
         Reflection        |       |       |       |       |       |     1 ||     1

Table legend: (Time is in decaauts)
 A = Elapsed time spent in this place.
 B = Non-inter-level travel time spent in this place.
 C = Inter-level travel time spent in this place.
 D = Time resting spent in this place.
 E = Time spent auto-exploring this place.
 F = Levels seen in this place.
 G = Mean time per level.
                   A        B        C        D        E       F      G
               +--------+--------+--------+--------+--------+-----+--------+
         Total |   6660 |   6590 |     70 |   4286 |      0 |   1 | 6660.0 |
       Dungeon |   6660 |   6590 |     70 |   4286 |      0 |   1 | 6660.0 |
               +--------+--------+--------+--------+--------+-----+--------+

Top non-repeatable levels by time:
       D: 6660 daAuts
